Workbook

Sheet Dashboard
D10: Valores de custo
D12: Valor de estoque | F12: Custo fixo | H12: Valor de operação
D13: {=SUMIF('Planejamento de custo '!$D$6:$D$55,"Produto",'Planejamento de custo '!$P$6:$P$55)} -> 23000 | F13: {=SUM('Calculo de capital de giro'!M9:M28)} -> 5450 | H13: {=D13+F13} -> 28450
D15: Lucro previsto
D17: Faturamento esperado | F17: Lucro bruto esperado | H17: Lucro líquido esperado
D18: {=SUM('Planejamento de custo '!Q6:Q55)} -> 30500 | F18: {=D18-D13} -> 7500 | H18: {=F18-F13} -> 2050
D20: Capital de giro
D22: Desembolso diário | F22: Caixa mínimo | H22: Capital de giro
D23: {='Calculo de capital de giro'!L7} -> 227.08333 | F23: {='Calculo de capital de giro'!S4} -> 4984.4792 | H23: {='Calculo de capital de giro'!S5} -> 27984.479

Sheet Contas
A4: DATA: | B4: {=TODAY()} -> 46076
D10: Valor em caixa vs contas a pagar
D12: Valor em caixa | F12: Contas a pagar | H12: Previsão de caixa
D13: {='Calculo de capital de giro'!$S$6} -> 12000 | F13: {=SUMIFS('Controle de contas'!$M$4:$M$53,'Controle de contas'!$L$4:$L$53,$B$4,'Controle de contas'!$N$4:$N$53,"<>NÃO")+SUMIFS('Controle de contas'!$P$4:$P$53,'Controle de contas'!$O$4:$O$53,$B$4,'Controle de contas'!$Q$4:$Q$53,"<>NÃO")+SUMIFS('Controle de contas'!$S$4:$S$53,'Controle de contas'!$R$4:$R$53,$B$4,'Controle de contas'!$T$4:$T$53,"<>NÃO")+SUMIFS('Controle de contas'!$V$4:$V$53,'Controle de contas'!$U$4:$U$53,$B$4,'Controle de contas'!$W$4:$W$53,"<>NÃO")+SUMIFS('Controle de contas'!$Y$4:$Y$53,'Controle de contas'!$X$4:$X$53,$B$4,'Controle de contas'!$Z$4:$Z$53,"<>NÃO")} -> 0 | H13: {=D13-F13} -> 12000
D15: Entradas vs saída
D17: Entradas do dia | F17: Saída do dia | H17: Valor de caixa do dia
D18: 6000 | F18: 13000 | H18: {=(D13+D18)-F18} -> 5000

Sheet Grafico

Sheet Planejamento de custo 
D2: Controle de estoque | J2: Movimentação | M2: Planejamento comercial
N3: Margem: | O3: Lucro Bruto Previsto: | P3: Valor Do estoque: | Q3: Valor De venda
N4: {=N56} -> 0.4 | O4: {=Q4-P4} -> 7500 | P4: {=P56} -> 23000 | Q4: {=Q56} -> 30500
C5: COD. | D5: Categoria | E5: Data da compra | F5: Fornecedor | G5: Descrição | H5: Nº do Doc | I5: Nº de Parc. | J5: Qtd. Entrada do mês | K5: Qtd. Saida do mês | L5: Estoque atual | M5: Vlr. Único de compra R$ | N5: Margem | O5: Vlr. De venda R$ | P5: Vlr. Pago | Q5: Vlr. Total de Venda
C6: 1 | D6: Produto | E6: 45853 | F6: Dias e Dias Parados & Cia | G6: torneira de bebedouro | H6: 3296 | I6: 2 | J6: 200 | K6: 50 | L6: {=IF(J6-K6=0,"-",J6-K6)} -> 150 | M6: 15 | N6: 0.5 | O6: {=(M6*N6)+M6} -> 22.5 | P6: {=(M6)*J6} -> 3000 | Q6: {=(P6*N6)+P6} -> 4500
C7: 2 | D7: Produto | E7: 12/082025 | F7: Aliexpress | G7: caixinha de som | H7: 5280 | I7: 3 | J7: 100 | K7: 0 | L7: {=IF(J7-K7=0,"-",J7-K7)} -> 100 | M7: 200 | N7: 0.3 | O7: {=(M7*N7)+M7} -> 260 | P7: {=(M7)*J7} -> 20000 | Q7: {=(P7*N7)+P7} -> 26000
C8: 3 | L8: {=IF(J8-K8=0,"-",J8-K8)} -> - | O8: {=(M8*N8)+M8} -> 0 | P8: {=(M8)*J8} -> 0 | Q8: {=(P8*N8)+P8} -> 0
C9: 4 | L9: {=IF(J9-K9=0,"-",J9-K9)} -> - | O9: {=(M9*N9)+M9} -> 0 | P9: {=(M9)*J9} -> 0 | Q9: {=(P9*N9)+P9} -> 0
C10: 5 | L10: {=IF(J10-K10=0,"-",J10-K10)} -> - | O10: {=(M10*N10)+M10} -> 0 | P10: {=(M10)*J10} -> 0 | Q10: {=(P10*N10)+P10} -> 0
C11: 6 | L11: {=IF(J11-K11=0,"-",J11-K11)} -> - | O11: {=(M11*N11)+M11} -> 0 | P11: {=(M11)*J11} -> 0 | Q11: {=(P11*N11)+P11} -> 0
C12: 7 | L12: {=IF(J12-K12=0,"-",J12-K12)} -> - | O12: {=(M12*N12)+M12} -> 0 | P12: {=(M12)*J12} -> 0 | Q12: {=(P12*N12)+P12} -> 0
C13: 8 | L13: {=IF(J13-K13=0,"-",J13-K13)} -> - | O13: {=(M13*N13)+M13} -> 0 | P13: {=(M13)*J13} -> 0 | Q13: {=(P13*N13)+P13} -> 0
C14: 9 | L14: {=IF(J14-K14=0,"-",J14-K14)} -> - | O14: {=(M14*N14)+M14} -> 0 | P14: {=(M14)*J14} -> 0 | Q14: {=(P14*N14)+P14} -> 0
C15: 10 | L15: {=IF(J15-K15=0,"-",J15-K15)} -> - | O15: {=(M15*N15)+M15} -> 0 | P15: {=(M15)*J15} -> 0 | Q15: {=(P15*N15)+P15} -> 0
C16: 11 | L16: {=IF(J16-K16=0,"-",J16-K16)} -> - | O16: {=(M16*N16)+M16} -> 0 | P16: {=(M16)*J16} -> 0 | Q16: {=(P16*N16)+P16} -> 0
C17: 12 | L17: {=IF(J17-K17=0,"-",J17-K17)} -> - | O17: {=(M17*N17)+M17} -> 0 | P17: {=(M17)*J17} -> 0 | Q17: {=(P17*N17)+P17} -> 0
C18: 13 | L18: {=IF(J18-K18=0,"-",J18-K18)} -> - | O18: {=(M18*N18)+M18} -> 0 | P18: {=(M18)*J18} -> 0 | Q18: {=(P18*N18)+P18} -> 0
C19: 14 | L19: {=IF(J19-K19=0,"-",J19-K19)} -> - | O19: {=(M19*N19)+M19} -> 0 | P19: {=(M19)*J19} -> 0 | Q19: {=(P19*N19)+P19} -> 0
... C23: 18 | L23: {=IF(J23-K23=0,"-",J23-K23)} -> - | O23: {=(M23*N23)+M23} -> 0 | P23: {=(M23)*J23} -> 0 | Q23: {=(P23*N23)+P23} -> 0
C24: 19 | L24: {=IF(J24-K24=0,"-",J24-K24)} -> - | M24: 0 | O24: {=(M24*N24)+M24} -> 0 | P24: {=(M24)*J24} -> 0 | Q24: {=(P24*N24)+P24} -> 0
C25: 20 | L25: {=IF(J25-K25=0,"-",J25-K25)} -> - | M25: 0 | O25: {=(M25*N25)+M25} -> 0 | P25: {=(M25)*J25} -> 0 | Q25: {=(P25*N25)+P25} -> 0
C26: 21 | L26: {=IF(J26-K26=0,"-",J26-K26)} -> - | M26: 0 | O26: {=(M26*N26)+M26} -> 0 | P26: {=(M26)*J26} -> 0 | Q26: {=(P26*N26)+P26} -> 0
C27: 22 | L27: {=IF(J27-K27=0,"-",J27-K27)} -> - | M27: 0 | O27: {=(M27*N27)+M27} -> 0 | P27: {=(M27)*J27} -> 0 | Q27: {=(P27*N27)+P27} -> 0
C28: 23 | L28: {=IF(J28-K28=0,"-",J28-K28)} -> - | M28: 0 | O28: {=(M28*N28)+M28} -> 0 | P28: {=(M28)*J28} -> 0 | Q28: {=(P28*N28)+P28} -> 0
C29: 24 | L29: {=IF(J29-K29=0,"-",J29-K29)} -> - | M29: 0 | O29: {=(M29*N29)+M29} -> 0 | P29: {=(M29)*J29} -> 0 | Q29: {=(P29*N29)+P29} -> 0
C30: 25 | L30: {=IF(J30-K30=0,"-",J30-K30)} -> - | M30: 0 | O30: {=(M30*N30)+M30} -> 0 | P30: {=(M30)*J30} -> 0 | Q30: {=(P30*N30)+P30} -> 0
C31: 26 | L31: {=IF(J31-K31=0,"-",J31-K31)} -> - | M31: 0 | O31: {=(M31*N31)+M31} -> 0 | P31: {=(M31)*J31} -> 0 | Q31: {=(P31*N31)+P31} -> 0
C32: 27 | L32: {=IF(J32-K32=0,"-",J32-K32)} -> - | M32: 0 | O32: {=(M32*N32)+M32} -> 0 | P32: {=(M32)*J32} -> 0 | Q32: {=(P32*N32)+P32} -> 0
C33: 28 | L33: {=IF(J33-K33=0,"-",J33-K33)} -> - | M33: 0 | O33: {=(M33*N33)+M33} -> 0 | P33: {=(M33)*J33} -> 0 | Q33: {=(P33*N33)+P33} -> 0
C34: 29 | L34: {=IF(J34-K34=0,"-",J34-K34)} -> - | M34: 0 | O34: {=(M34*N34)+M34} -> 0 | P34: {=(M34)*J34} -> 0 | Q34: {=(P34*N34)+P34} -> 0
C35: 30 | L35: {=IF(J35-K35=0,"-",J35-K35)} -> - | M35: 0 | O35: {=(M35*N35)+M35} -> 0 | P35: {=(M35)*J35} -> 0 | Q35: {=(P35*N35)+P35} -> 0
... C55: 50 | L55: {=IF(J55-K55=0,"-",J55-K55)} -> - | M55: 0 | O55: {=(M55*N55)+M55} -> 0 | P55: {=(M55)*J55} -> 0 | Q55: {=(P55*N55)+P55} -> 0
M56: {=SUM(M6:M55)} -> 215 | N56: {=AVERAGE(N6:N55)} -> 0.4 | O56: {=SUM(O6:O55)} -> 282.5 | P56: {=SUM(P6:P55)} -> 23000 | Q56: {=SUM(Q6:Q55)} -> 30500

Sheet Controle de contas
C2: Controle de contas
C3: Cod | D3: Data da compra | E3: Fornecedor | F3: Descrição | G3: Nº do Doc | H3: Valor | I3: Peso % | J3: Nº de Parc. | K3: Prioridade | L3: Parc nº1 | M3: Valor nº1 | N3: Pago? | O3: Parc nº2 | P3: Valor nº2 | Q3: Pago? | R3: Parc nº3 | S3: Valor nº3 | T3: Pago? | U3: Parc nº4 | V3: Valor nº4 | W3: Pago? | X3: Parc nº5 | Y3: Valor nº5 | Z3: Pago?
C4: 1 | D4: {=IF(VLOOKUP($C4,'Planejamento de custo '!$C$6:$I$56,3)=0,"-",VLOOKUP($C4,'Planejamento de custo '!$C$6:$I$56,3))} -> 45853 | E4: {=IF(VLOOKUP($C4,'Planejamento de custo '!$C$6:$I$56,4)=0,"-",VLOOKUP($C4,'Planejamento de custo '!$C$6:$I$56,4))} -> Dias e Dias Parados & Cia | F4: {=IF(VLOOKUP($C4,'Planejamento de custo '!$C$6:$I$56,5)=0,"-",VLOOKUP($C4,'Planejamento de custo '!$C$6:$I$56,5))} -> torneira de bebedouro | G4: {=IF(VLOOKUP($C4,'Planejamento de custo '!$C$6:$I$56,6)=0,"-",VLOOKUP($C4,'Planejamento de custo '!$C$6:$I$56,6))} -> 3296 | H4: {=IF(VLOOKUP($C4,'Planejamento de custo '!$C$6:$Q$56,14)=0,"-",VLOOKUP($C4,'Planejamento de custo '!$C$6:$Q$56,14))} -> 3000 | I4: {=IFERROR(H4/SUM($H$4:$H$53),"-")} -> 0.13043478 | J4: {=IF(VLOOKUP($C4,'Planejamento de custo '!$C$6:$I$56,7)=0,"-",VLOOKUP($C4,'Planejamento de custo '!$C$6:$I$56,7))} -> 2 | K4: Alto | L4: 45860 | M4: {=IF(L4,$H4/$J4,"-")} -> 1500 | N4: SIM | O4: 45867 | P4: {=IF(O4,$H4/$J4,"-")} -> 1500 | Q4: SIM | S4: {=IF(R4,$H4/$J4,"-")} -> - | T4: SIM | V4: {=IF(U4,$H4/$J4,"-")} -> - | W4: SIM | Y4: {=IF(X4,$H4/$J4,"-")} -> - | Z4: SIM
C5: 2 | D5: {=IF(VLOOKUP($C5,'Planejamento de custo '!$C$6:$I$56,3)=0,"-",VLOOKUP($C5,'Planejamento de custo '!$C$6:$I$56,3))} -> 12/082025 | E5: {=IF(VLOOKUP($C5,'Planejamento de custo '!$C$6:$I$56,4)=0,"-",VLOOKUP($C5,'Planejamento de custo '!$C$6:$I$56,4))} -> Aliexpress | F5: {=IF(VLOOKUP($C5,'Planejamento de custo '!$C$6:$I$56,5)=0,"-",VLOOKUP($C5,'Planejamento de custo '!$C$6:$I$56,5))} -> caixinha de som | G5: {=IF(VLOOKUP($C5,'Planejamento de custo '!$C$6:$I$56,6)=0,"-",VLOOKUP($C5,'Planejamento de custo '!$C$6:$I$56,6))} -> 5280 | H5: {=IF(VLOOKUP($C5,'Planejamento de custo '!$C$6:$Q$56,14)=0,"-",VLOOKUP($C5,'Planejamento de custo '!$C$6:$Q$56,14))} -> 20000 | I5: {=IFERROR(H5/SUM($H$4:$H$53),"-")} -> 0.86956522 | J5: {=IF(VLOOKUP($C5,'Planejamento de custo '!$C$6:$I$56,7)=0,"-",VLOOKUP($C5,'Planejamento de custo '!$C$6:$I$56,7))} -> 3 | K5: Alto | L5: 45881 | M5: {=IF(L5,$H5/$J5,"-")} -> 6666.6667 | N5: SIM | O5: 45896 | P5: {=IF(O5,$H5/$J5,"-")} -> 6666.6667 | Q5: NÃO | R5: 45880 | S5: {=IF(R5,$H5/$J5,"-")} -> 6666.6667 | T5: NÃO | V5: {=IF(U5,$H5/$J5,"-")} -> - | W5: SIM | Y5: {=IF(X5,$H5/$J5,"-")} -> - | Z5: SIM
C6: 3 | D6: {=IF(VLOOKUP($C6,'Planejamento de custo '!$C$6:$I$56,3)=0,"-",VLOOKUP($C6,'Planejamento de custo '!$C$6:$I$56,3))} -> - | E6: {=IF(VLOOKUP($C6,'Planejamento de custo '!$C$6:$I$56,4)=0,"-",VLOOKUP($C6,'Planejamento de custo '!$C$6:$I$56,4))} -> - | F6: {=IF(VLOOKUP($C6,'Planejamento de custo '!$C$6:$I$56,5)=0,"-",VLOOKUP($C6,'Planejamento de custo '!$C$6:$I$56,5))} -> - | G6: {=IF(VLOOKUP($C6,'Planejamento de custo '!$C$6:$I$56,6)=0,"-",VLOOKUP($C6,'Planejamento de custo '!$C$6:$I$56,6))} -> - | H6: {=IF(VLOOKUP($C6,'Planejamento de custo '!$C$6:$Q$56,14)=0,"-",VLOOKUP($C6,'Planejamento de custo '!$C$6:$Q$56,14))} -> - | I6: {=IFERROR(H6/SUM($H$4:$H$53),"-")} -> - | J6: {=IF(VLOOKUP($C6,'Planejamento de custo '!$C$6:$I$56,7)=0,"-",VLOOKUP($C6,'Planejamento de custo '!$C$6:$I$56,7))} -> - | K6: Alto | M6: {=IF(L6,$H6/$J6,"-")} -> - | N6: SIM | P6: {=IF(O6,$H6/$J6,"-")} -> - | Q6: SIM | S6: {=IF(R6,$H6/$J6,"-")} -> - | T6: SIM | V6: {=IF(U6,$H6/$J6,"-")} -> - | W6: SIM | Y6: {=IF(X6,$H6/$J6,"-")} -> - | Z6: SIM
C7: 4 | D7: {=IF(VLOOKUP($C7,'Planejamento de custo '!$C$6:$I$56,3)=0,"-",VLOOKUP($C7,'Planejamento de custo '!$C$6:$I$56,3))} -> - | E7: {=IF(VLOOKUP($C7,'Planejamento de custo '!$C$6:$I$56,4)=0,"-",VLOOKUP($C7,'Planejamento de custo '!$C$6:$I$56,4))} -> - | F7: {=IF(VLOOKUP($C7,'Planejamento de custo '!$C$6:$I$56,5)=0,"-",VLOOKUP($C7,'Planejamento de custo '!$C$6:$I$56,5))} -> - | G7: {=IF(VLOOKUP($C7,'Planejamento de custo '!$C$6:$I$56,6)=0,"-",VLOOKUP($C7,'Planejamento de custo '!$C$6:$I$56,6))} -> - | H7: {=IF(VLOOKUP($C7,'Planejamento de custo '!$C$6:$Q$56,14)=0,"-",VLOOKUP($C7,'Planejamento de custo '!$C$6:$Q$56,14))} -> - | I7: {=IFERROR(H7/SUM($H$4:$H$53),"-")} -> - | J7: {=IF(VLOOKUP($C7,'Planejamento de custo '!$C$6:$I$56,7)=0,"-",VLOOKUP($C7,'Planejamento de custo '!$C$6:$I$56,7))} -> - | K7: Alto | M7: {=IF(L7,$H7/$J7,"-")} -> - | N7: SIM | P7: {=IF(O7,$H7/$J7,"-")} -> - | Q7: SIM | S7: {=IF(R7,$H7/$J7,"-")} -> - | T7: SIM | V7: {=IF(U7,$H7/$J7,"-")} -> - | W7: SIM | Y7: {=IF(X7,$H7/$J7,"-")} -> - | Z7: SIM
C8: 5 | D8: {=IF(VLOOKUP($C8,'Planejamento de custo '!$C$6:$I$56,3)=0,"-",VLOOKUP($C8,'Planejamento de custo '!$C$6:$I$56,3))} -> - | E8: {=IF(VLOOKUP($C8,'Planejamento de custo '!$C$6:$I$56,4)=0,"-",VLOOKUP($C8,'Planejamento de custo '!$C$6:$I$56,4))} -> - | F8: {=IF(VLOOKUP($C8,'Planejamento de custo '!$C$6:$I$56,5)=0,"-",VLOOKUP($C8,'Planejamento de custo '!$C$6:$I$56,5))} -> - | G8: {=IF(VLOOKUP($C8,'Planejamento de custo '!$C$6:$I$56,6)=0,"-",VLOOKUP($C8,'Planejamento de custo '!$C$6:$I$56,6))} -> - | H8: {=IF(VLOOKUP($C8,'Planejamento de custo '!$C$6:$Q$56,14)=0,"-",VLOOKUP($C8,'Planejamento de custo '!$C$6:$Q$56,14))} -> - | I8: {=IFERROR(H8/SUM($H$4:$H$53),"-")} -> - | J8: {=IF(VLOOKUP($C8,'Planejamento de custo '!$C$6:$I$56,7)=0,"-",VLOOKUP($C8,'Planejamento de custo '!$C$6:$I$56,7))} -> - | K8: Alto | M8: {=IF(L8,$H8/$J8,"-")} -> - | N8: SIM | P8: {=IF(O8,$H8/$J8,"-")} -> - | Q8: SIM | S8: {=IF(R8,$H8/$J8,"-")} -> - | T8: SIM | V8: {=IF(U8,$H8/$J8,"-")} -> - | W8: SIM | Y8: {=IF(X8,$H8/$J8,"-")} -> - | Z8: SIM
C9: 6 | D9: {=IF(VLOOKUP($C9,'Planejamento de custo '!$C$6:$I$56,3)=0,"-",VLOOKUP($C9,'Planejamento de custo '!$C$6:$I$56,3))} -> - | E9: {=IF(VLOOKUP($C9,'Planejamento de custo '!$C$6:$I$56,4)=0,"-",VLOOKUP($C9,'Planejamento de custo '!$C$6:$I$56,4))} -> - | F9: {=IF(VLOOKUP($C9,'Planejamento de custo '!$C$6:$I$56,5)=0,"-",VLOOKUP($C9,'Planejamento de custo '!$C$6:$I$56,5))} -> - | G9: {=IF(VLOOKUP($C9,'Planejamento de custo '!$C$6:$I$56,6)=0,"-",VLOOKUP($C9,'Planejamento de custo '!$C$6:$I$56,6))} -> - | H9: {=IF(VLOOKUP($C9,'Planejamento de custo '!$C$6:$Q$56,14)=0,"-",VLOOKUP($C9,'Planejamento de custo '!$C$6:$Q$56,14))} -> - | I9: {=IFERROR(H9/SUM($H$4:$H$53),"-")} -> - | J9: {=IF(VLOOKUP($C9,'Planejamento de custo '!$C$6:$I$56,7)=0,"-",VLOOKUP($C9,'Planejamento de custo '!$C$6:$I$56,7))} -> - | K9: Alto | M9: {=IF(L9,$H9/$J9,"-")} -> - | N9: SIM | P9: {=IF(O9,$H9/$J9,"-")} -> - | Q9: SIM | S9: {=IF(R9,$H9/$J9,"-")} -> - | T9: SIM | V9: {=IF(U9,$H9/$J9,"-")} -> - | W9: SIM | Y9: {=IF(X9,$H9/$J9,"-")} -> - | Z9: SIM
C10: 7 | D10: {=IF(VLOOKUP($C10,'Planejamento de custo '!$C$6:$I$56,3)=0,"-",VLOOKUP($C10,'Planejamento de custo '!$C$6:$I$56,3))} -> - | E10: {=IF(VLOOKUP($C10,'Planejamento de custo '!$C$6:$I$56,4)=0,"-",VLOOKUP($C10,'Planejamento de custo '!$C$6:$I$56,4))} -> - | F10: {=IF(VLOOKUP($C10,'Planejamento de custo '!$C$6:$I$56,5)=0,"-",VLOOKUP($C10,'Planejamento de custo '!$C$6:$I$56,5))} -> - | G10: {=IF(VLOOKUP($C10,'Planejamento de custo '!$C$6:$I$56,6)=0,"-",VLOOKUP($C10,'Planejamento de custo '!$C$6:$I$56,6))} -> - | H10: {=IF(VLOOKUP($C10,'Planejamento de custo '!$C$6:$Q$56,14)=0,"-",VLOOKUP($C10,'Planejamento de custo '!$C$6:$Q$56,14))} -> - | I10: {=IFERROR(H10/SUM($H$4:$H$53),"-")} -> - | J10: {=IF(VLOOKUP($C10,'Planejamento de custo '!$C$6:$I$56,7)=0,"-",VLOOKUP($C10,'Planejamento de custo '!$C$6:$I$56,7))} -> - | K10: Alto | M10: {=IF(L10,$H10/$J10,"-")} -> - | N10: SIM | P10: {=IF(O10,$H10/$J10,"-")} -> - | Q10: SIM | S10: {=IF(R10,$H10/$J10,"-")} -> - | T10: SIM | V10: {=IF(U10,$H10/$J10,"-")} -> - | W10: SIM | Y10: {=IF(X10,$H10/$J10,"-")} -> - | Z10: SIM
C11: 8 | D11: {=IF(VLOOKUP($C11,'Planejamento de custo '!$C$6:$I$56,3)=0,"-",VLOOKUP($C11,'Planejamento de custo '!$C$6:$I$56,3))} -> - | E11: {=IF(VLOOKUP($C11,'Planejamento de custo '!$C$6:$I$56,4)=0,"-",VLOOKUP($C11,'Planejamento de custo '!$C$6:$I$56,4))} -> - | F11: {=IF(VLOOKUP($C11,'Planejamento de custo '!$C$6:$I$56,5)=0,"-",VLOOKUP($C11,'Planejamento de custo '!$C$6:$I$56,5))} -> - | G11: {=IF(VLOOKUP($C11,'Planejamento de custo '!$C$6:$I$56,6)=0,"-",VLOOKUP($C11,'Planejamento de custo '!$C$6:$I$56,6))} -> - | H11: {=IF(VLOOKUP($C11,'Planejamento de custo '!$C$6:$Q$56,14)=0,"-",VLOOKUP($C11,'Planejamento de custo '!$C$6:$Q$56,14))} -> - | I11: {=IFERROR(H11/SUM($H$4:$H$53),"-")} -> - | J11: {=IF(VLOOKUP($C11,'Planejamento de custo '!$C$6:$I$56,7)=0,"-",VLOOKUP($C11,'Planejamento de custo '!$C$6:$I$56,7))} -> - | K11: Alto | M11: {=IF(L11,$H11/$J11,"-")} -> - | N11: SIM | P11: {=IF(O11,$H11/$J11,"-")} -> - | Q11: SIM | S11: {=IF(R11,$H11/$J11,"-")} -> - | T11: SIM | V11: {=IF(U11,$H11/$J11,"-")} -> - | W11: SIM | Y11: {=IF(X11,$H11/$J11,"-")} -> - | Z11: SIM
C12: 9 | D12: {=IF(VLOOKUP($C12,'Planejamento de custo '!$C$6:$I$56,3)=0,"-",VLOOKUP($C12,'Planejamento de custo '!$C$6:$I$56,3))} -> - | E12: {=IF(VLOOKUP($C12,'Planejamento de custo '!$C$6:$I$56,4)=0,"-",VLOOKUP($C12,'Planejamento de custo '!$C$6:$I$56,4))} -> - | F12: {=IF(VLOOKUP($C12,'Planejamento de custo '!$C$6:$I$56,5)=0,"-",VLOOKUP($C12,'Planejamento de custo '!$C$6:$I$56,5))} -> - | G12: {=IF(VLOOKUP($C12,'Planejamento de custo '!$C$6:$I$56,6)=0,"-",VLOOKUP($C12,'Planejamento de custo '!$C$6:$I$56,6))} -> - | H12: {=IF(VLOOKUP($C12,'Planejamento de custo '!$C$6:$Q$56,14)=0,"-",VLOOKUP($C12,'Planejamento de custo '!$C$6:$Q$56,14))} -> - | I12: {=IFERROR(H12/SUM($H$4:$H$53),"-")} -> - | J12: {=IF(VLOOKUP($C12,'Planejamento de custo '!$C$6:$I$56,7)=0,"-",VLOOKUP($C12,'Planejamento de custo '!$C$6:$I$56,7))} -> - | K12: Alto | M12: {=IF(L12,$H12/$J12,"-")} -> - | N12: SIM | P12: {=IF(O12,$H12/$J12,"-")} -> - | Q12: SIM | S12: {=IF(R12,$H12/$J12,"-")} -> - | T12: SIM | V12: {=IF(U12,$H12/$J12,"-")} -> - | W12: SIM | Y12: {=IF(X12,$H12/$J12,"-")} -> - | Z12: SIM
C13: 10 | D13: {=IF(VLOOKUP($C13,'Planejamento de custo '!$C$6:$I$56,3)=0,"-",VLOOKUP($C13,'Planejamento de custo '!$C$6:$I$56,3))} -> - | E13: {=IF(VLOOKUP($C13,'Planejamento de custo '!$C$6:$I$56,4)=0,"-",VLOOKUP($C13,'Planejamento de custo '!$C$6:$I$56,4))} -> - | F13: {=IF(VLOOKUP($C13,'Planejamento de custo '!$C$6:$I$56,5)=0,"-",VLOOKUP($C13,'Planejamento de custo '!$C$6:$I$56,5))} -> - | G13: {=IF(VLOOKUP($C13,'Planejamento de custo '!$C$6:$I$56,6)=0,"-",VLOOKUP($C13,'Planejamento de custo '!$C$6:$I$56,6))} -> - | H13: {=IF(VLOOKUP($C13,'Planejamento de custo '!$C$6:$Q$56,14)=0,"-",VLOOKUP($C13,'Planejamento de custo '!$C$6:$Q$56,14))} -> - | I13: {=IFERROR(H13/SUM($H$4:$H$53),"-")} -> - | J13: {=IF(VLOOKUP($C13,'Planejamento de custo '!$C$6:$I$56,7)=0,"-",VLOOKUP($C13,'Planejamento de custo '!$C$6:$I$56,7))} -> - | K13: Alto | M13: {=IF(L13,$H13/$J13,"-")} -> - | N13: SIM | P13: {=IF(O13,$H13/$J13,"-")} -> - | Q13: SIM | S13: {=IF(R13,$H13/$J13,"-")} -> - | T13: SIM | V13: {=IF(U13,$H13/$J13,"-")} -> - | W13: SIM | Y13: {=IF(X13,$H13/$J13,"-")} -> - | Z13: SIM
C14: 11 | D14: {=IF(VLOOKUP($C14,'Planejamento de custo '!$C$6:$I$56,3)=0,"-",VLOOKUP($C14,'Planejamento de custo '!$C$6:$I$56,3))} -> - | E14: {=IF(VLOOKUP($C14,'Planejamento de custo '!$C$6:$I$56,4)=0,"-",VLOOKUP($C14,'Planejamento de custo '!$C$6:$I$56,4))} -> - | F14: {=IF(VLOOKUP($C14,'Planejamento de custo '!$C$6:$I$56,5)=0,"-",VLOOKUP($C14,'Planejamento de custo '!$C$6:$I$56,5))} -> - | G14: {=IF(VLOOKUP($C14,'Planejamento de custo '!$C$6:$I$56,6)=0,"-",VLOOKUP($C14,'Planejamento de custo '!$C$6:$I$56,6))} -> - | H14: {=IF(VLOOKUP($C14,'Planejamento de custo '!$C$6:$Q$56,14)=0,"-",VLOOKUP($C14,'Planejamento de custo '!$C$6:$Q$56,14))} -> - | I14: {=IFERROR(H14/SUM($H$4:$H$53),"-")} -> - | J14: {=IF(VLOOKUP($C14,'Planejamento de custo '!$C$6:$I$56,7)=0,"-",VLOOKUP($C14,'Planejamento de custo '!$C$6:$I$56,7))} -> - | K14: Alto | M14: {=IF(L14,$H14/$J14,"-")} -> - | N14: SIM | P14: {=IF(O14,$H14/$J14,"-")} -> - | Q14: SIM | S14: {=IF(R14,$H14/$J14,"-")} -> - | T14: SIM | V14: {=IF(U14,$H14/$J14,"-")} -> - | W14: SIM | Y14: {=IF(X14,$H14/$J14,"-")} -> - | Z14: SIM
C15: 12 | D15: {=IF(VLOOKUP($C15,'Planejamento de custo '!$C$6:$I$56,3)=0,"-",VLOOKUP($C15,'Planejamento de custo '!$C$6:$I$56,3))} -> - | E15: {=IF(VLOOKUP($C15,'Planejamento de custo '!$C$6:$I$56,4)=0,"-",VLOOKUP($C15,'Planejamento de custo '!$C$6:$I$56,4))} -> - | F15: {=IF(VLOOKUP($C15,'Planejamento de custo '!$C$6:$I$56,5)=0,"-",VLOOKUP($C15,'Planejamento de custo '!$C$6:$I$56,5))} -> - | G15: {=IF(VLOOKUP($C15,'Planejamento de custo '!$C$6:$I$56,6)=0,"-",VLOOKUP($C15,'Planejamento de custo '!$C$6:$I$56,6))} -> - | H15: {=IF(VLOOKUP($C15,'Planejamento de custo '!$C$6:$Q$56,14)=0,"-",VLOOKUP($C15,'Planejamento de custo '!$C$6:$Q$56,14))} -> - | I15: {=IFERROR(H15/SUM($H$4:$H$53),"-")} -> - | J15: {=IF(VLOOKUP($C15,'Planejamento de custo '!$C$6:$I$56,7)=0,"-",VLOOKUP($C15,'Planejamento de custo '!$C$6:$I$56,7))} -> - | K15: Alto | M15: {=IF(L15,$H15/$J15,"-")} -> - | N15: SIM | P15: {=IF(O15,$H15/$J15,"-")} -> - | Q15: SIM | S15: {=IF(R15,$H15/$J15,"-")} -> - | T15: SIM | V15: {=IF(U15,$H15/$J15,"-")} -> - | W15: SIM | Y15: {=IF(X15,$H15/$J15,"-")} -> - | Z15: SIM
C16: 13 | D16: {=IF(VLOOKUP($C16,'Planejamento de custo '!$C$6:$I$56,3)=0,"-",VLOOKUP($C16,'Planejamento de custo '!$C$6:$I$56,3))} -> - | E16: {=IF(VLOOKUP($C16,'Planejamento de custo '!$C$6:$I$56,4)=0,"-",VLOOKUP($C16,'Planejamento de custo '!$C$6:$I$56,4))} -> - | F16: {=IF(VLOOKUP($C16,'Planejamento de custo '!$C$6:$I$56,5)=0,"-",VLOOKUP($C16,'Planejamento de custo '!$C$6:$I$56,5))} -> - | G16: {=IF(VLOOKUP($C16,'Planejamento de custo '!$C$6:$I$56,6)=0,"-",VLOOKUP($C16,'Planejamento de custo '!$C$6:$I$56,6))} -> - | H16: {=IF(VLOOKUP($C16,'Planejamento de custo '!$C$6:$Q$56,14)=0,"-",VLOOKUP($C16,'Planejamento de custo '!$C$6:$Q$56,14))} -> - | I16: {=IFERROR(H16/SUM($H$4:$H$53),"-")} -> - | J16: {=IF(VLOOKUP($C16,'Planejamento de custo '!$C$6:$I$56,7)=0,"-",VLOOKUP($C16,'Planejamento de custo '!$C$6:$I$56,7))} -> - | K16: Alto | M16: {=IF(L16,$H16/$J16,"-")} -> - | N16: SIM | P16: {=IF(O16,$H16/$J16,"-")} -> - | Q16: SIM | S16: {=IF(R16,$H16/$J16,"-")} -> - | T16: SIM | V16: {=IF(U16,$H16/$J16,"-")} -> - | W16: SIM | Y16: {=IF(X16,$H16/$J16,"-")} -> - | Z16: SIM
C17: 14 | D17: {=IF(VLOOKUP($C17,'Planejamento de custo '!$C$6:$I$56,3)=0,"-",VLOOKUP($C17,'Planejamento de custo '!$C$6:$I$56,3))} -> - | E17: {=IF(VLOOKUP($C17,'Planejamento de custo '!$C$6:$I$56,4)=0,"-",VLOOKUP($C17,'Planejamento de custo '!$C$6:$I$56,4))} -> - | F17: {=IF(VLOOKUP($C17,'Planejamento de custo '!$C$6:$I$56,5)=0,"-",VLOOKUP($C17,'Planejamento de custo '!$C$6:$I$56,5))} -> - | G17: {=IF(VLOOKUP($C17,'Planejamento de custo '!$C$6:$I$56,6)=0,"-",VLOOKUP($C17,'Planejamento de custo '!$C$6:$I$56,6))} -> - | H17: {=IF(VLOOKUP($C17,'Planejamento de custo '!$C$6:$Q$56,14)=0,"-",VLOOKUP($C17,'Planejamento de custo '!$C$6:$Q$56,14))} -> - | I17: {=IFERROR(H17/SUM($H$4:$H$53),"-")} -> - | J17: {=IF(VLOOKUP($C17,'Planejamento de custo '!$C$6:$I$56,7)=0,"-",VLOOKUP($C17,'Planejamento de custo '!$C$6:$I$56,7))} -> - | K17: Alto | M17: {=IF(L17,$H17/$J17,"-")} -> - | N17: SIM | P17: {=IF(O17,$H17/$J17,"-")} -> - | Q17: SIM | S17: {=IF(R17,$H17/$J17,"-")} -> - | T17: SIM | V17: {=IF(U17,$H17/$J17,"-")} -> - | W17: SIM | Y17: {=IF(X17,$H17/$J17,"-")} -> - | Z17: SIM
... C53: 50 | D53: {=IF(VLOOKUP($C53,'Planejamento de custo '!$C$6:$I$56,3)=0,"-",VLOOKUP($C53,'Planejamento de custo '!$C$6:$I$56,3))} -> - | E53: {=IF(VLOOKUP($C53,'Planejamento de custo '!$C$6:$I$56,4)=0,"-",VLOOKUP($C53,'Planejamento de custo '!$C$6:$I$56,4))} -> - | F53: {=IF(VLOOKUP($C53,'Planejamento de custo '!$C$6:$I$56,5)=0,"-",VLOOKUP($C53,'Planejamento de custo '!$C$6:$I$56,5))} -> - | G53: {=IF(VLOOKUP($C53,'Planejamento de custo '!$C$6:$I$56,6)=0,"-",VLOOKUP($C53,'Planejamento de custo '!$C$6:$I$56,6))} -> - | H53: {=IF(VLOOKUP($C53,'Planejamento de custo '!$C$6:$Q$56,14)=0,"-",VLOOKUP($C53,'Planejamento de custo '!$C$6:$Q$56,14))} -> - | I53: {=IFERROR(H53/SUM($H$4:$H$53),"-")} -> - | J53: {=IF(VLOOKUP($C53,'Planejamento de custo '!$C$6:$I$56,7)=0,"-",VLOOKUP($C53,'Planejamento de custo '!$C$6:$I$56,7))} -> - | K53: Alto | M53: {=IF(L53,$H53/$J53,"-")} -> - | N53: SIM | P53: {=IF(O53,$H53/$J53,"-")} -> - | Q53: SIM | S53: {=IF(R53,$H53/$J53,"-")} -> - | T53: SIM | V53: {=IF(U53,$H53/$J53,"-")} -> - | W53: SIM | Y53: {=IF(X53,$H53/$J53,"-")} -> - | Z53: SIM

Sheet Calculo de capital de giro
C2: Calculo de capital de giro | P2: Neces. em dias de capital de giro: | S2: {=F7-J7+S3} -> 21.95
P3: Prazo medio de estoque: | S3: 20
D4: Prazo médio de venda | H4: Prazo médio de compra | L4: Custo fixo | Q4: Caixa mínimo | S4: {=S2*L7} -> 4984.4792
Q5: Capital de giro: | S5: {=S4+'Planejamento de custo '!P4} -> 27984.479
E6: % de vendas | F6: Recebimento em dias: | I6: % de Compras | J6: Pagamento em dias: | L6: Desembolso diário | M6: Total de custo: | P6: Valor em caixa: | S6: 12000
E7: {=SUM(E9:E28)} -> 1 | F7: {=SUMPRODUCT(E9:E27,F9:F27)/SUM(E9:E27)} -> 28.5 | I7: {=SUM(I9:I28)} -> 1 | J7: {=SUMPRODUCT(I9:I27,J9:J27)/SUM(I9:I27)} -> 26.55 | L7: {=M7/24} -> 227.08333 | M7: {=SUM(M9:M28)} -> 5450
D8: Prazo medio de venda | E8: % de vendas | F8: Nr. De Dias | H8: Prazo Medio de Compra | I8: % de Compras | J8: Nr. De Dias | L8: Descriçao | M8: Valor
D9: 10 dias | E9: 0.3 | F9: 10 | H9: 0 dias | I9: 0 | L9: Aluguel | M9: 2000
D10: 20 dias | E10: 0.3 | F10: 25 | H10: 15 dias | I10: 0.23 | J10: 15 | L10: Imposto | M10: 1000
D11: 45 dias | E11: 0.4 | F11: 45 | H11: 30 dias | I11: 0.77 | J11: 30 | L11: Salarios | M11: 1800
L12: publicidade | M12: 200
L13: Energia | M13: 200
L14: Agua | M14: 150
L15: sistema | M15: 100

Sheet Historico de vendas
D3: DATA | E3: FATURAMENTO | F3: LUCRO BRUTO | G3: LUCRO LIQUIDO
D4: 45597 | E4: 28000 | F4: 10080 | G4: 5400
D5: 45627 | E5: 33000 | F5: 14800 | G5: 6200
D6: 45658 | E6: 35000 | F6: 15600 | G6: 7800
D7: 45689 | E7: 42000 | F7: 18800 | G7: 8600
D8: 45717 | E8: 67000 | F8: 27000 | G8: 15200
D9: 45748 | E9: 82000 | F9: 34000 | G9: 22200
D10: 45778 | E10: 92000 | F10: 36500 | G10: 27000
D11: 45809 | E11: 95000 | F11: 40100 | G11: 31000
D12: 45839 | E12: 97000 | F12: 42000 | G12: 36000
D13: 45870
D14: 45901
D15: 45931
D16: 45962
D17: 45992
D18: 46023
D19: 46054
D20: 46082
D21: 46113
D22: 46143
D23: 46174
D24: 46204
... D53: 47088

Sheet INF
A1: SIM | C1: Produto | D1: Prioridade
A2: NÃO | C2: Serviço | D2: Alto
C3: Interno | D3: Medio
D4: Baixo
